%YAML 1.1
%TAG !u! tag:unity3d.com,2011:
--- !u!1 &1624997191464913774
GameObject:
  m_ObjectHideFlags: 0
  m_CorrespondingSourceObject: {fileID: 0}
  m_PrefabInstance: {fileID: 0}
  m_PrefabAsset: {fileID: 0}
  serializedVersion: 6
  m_Component:
  - component: {fileID: 1624997191464913772}
  - component: {fileID: 1624997191464913775}
  - component: {fileID: 7054999000086235546}
  - component: {fileID: 8488008970213471780}
  m_Layer: 6
  m_Name: mists at the Charleton hotel
  m_TagString: Map
  m_Icon: {fileID: 0}
  m_NavMeshLayer: 0
  m_StaticEditorFlags: 0
  m_IsActive: 1
--- !u!4 &1624997191464913772
Transform:
  m_ObjectHideFlags: 0
  m_CorrespondingSourceObject: {fileID: 0}
  m_PrefabInstance: {fileID: 0}
  m_PrefabAsset: {fileID: 0}
  m_GameObject: {fileID: 1624997191464913774}
  m_LocalRotation: {x: -0, y: -0, z: -0, w: 1}
  m_LocalPosition: {x: 0, y: 0, z: 0}
  m_LocalScale: {x: 0.5945951, y: 0.5945951, z: 0.5945951}
  m_Children:
  - {fileID: 1624997191686045525}
  - {fileID: 8020939349206065268}
  - {fileID: 454139644982655681}
  - {fileID: 2862805684332497436}
  - {fileID: 4222614937731272050}
  m_Father: {fileID: 0}
  m_RootOrder: 0
  m_LocalEulerAnglesHint: {x: 0, y: 0, z: 0}
--- !u!212 &1624997191464913775
SpriteRenderer:
  m_ObjectHideFlags: 0
  m_CorrespondingSourceObject: {fileID: 0}
  m_PrefabInstance: {fileID: 0}
  m_PrefabAsset: {fileID: 0}
  m_GameObject: {fileID: 1624997191464913774}
  m_Enabled: 1
  m_CastShadows: 0
  m_ReceiveShadows: 0
  m_DynamicOccludee: 1
  m_MotionVectors: 1
  m_LightProbeUsage: 1
  m_ReflectionProbeUsage: 1
  m_RayTracingMode: 0
  m_RayTraceProcedural: 0
  m_RenderingLayerMask: 1
  m_RendererPriority: 0
  m_Materials:
  - {fileID: 10754, guid: 0000000000000000f000000000000000, type: 0}
  m_StaticBatchInfo:
    firstSubMesh: 0
    subMeshCount: 0
  m_StaticBatchRoot: {fileID: 0}
  m_ProbeAnchor: {fileID: 0}
  m_LightProbeVolumeOverride: {fileID: 0}
  m_ScaleInLightmap: 1
  m_ReceiveGI: 1
  m_PreserveUVs: 0
  m_IgnoreNormalsForChartDetection: 0
  m_ImportantGI: 0
  m_StitchLightmapSeams: 1
  m_SelectedEditorRenderState: 0
  m_MinimumChartSize: 4
  m_AutoUVMaxDistance: 0.5
  m_AutoUVMaxAngle: 89
  m_LightmapParameters: {fileID: 0}
  m_SortingLayerID: 0
  m_SortingLayer: 0
  m_SortingOrder: 0
  m_Sprite: {fileID: 21300000, guid: aa5ef96665eac5245b00d5f516924df1, type: 3}
  m_Color: {r: 1, g: 1, b: 1, a: 1}
  m_FlipX: 0
  m_FlipY: 0
  m_DrawMode: 0
  m_Size: {x: 53.329998, y: 38.61738}
  m_AdaptiveModeThreshold: 0.5
  m_SpriteTileMode: 0
  m_WasSpriteAssigned: 1
  m_MaskInteraction: 0
  m_SpriteSortPoint: 0
--- !u!114 &7054999000086235546
MonoBehaviour:
  m_ObjectHideFlags: 0
  m_CorrespondingSourceObject: {fileID: 0}
  m_PrefabInstance: {fileID: 0}
  m_PrefabAsset: {fileID: 0}
  m_GameObject: {fileID: 1624997191464913774}
  m_Enabled: 1
  m_EditorHideFlags: 0
  m_Script: {fileID: 11500000, guid: f93a0577cde0c6b439297ca6f3a55e89, type: 3}
  m_Name: 
  m_EditorClassIdentifier: 
  allowVerticalMovement: 0
--- !u!60 &8488008970213471780
PolygonCollider2D:
  m_ObjectHideFlags: 0
  m_CorrespondingSourceObject: {fileID: 0}
  m_PrefabInstance: {fileID: 0}
  m_PrefabAsset: {fileID: 0}
  m_GameObject: {fileID: 1624997191464913774}
  m_Enabled: 1
  m_Density: 1
  m_Material: {fileID: 0}
  m_IsTrigger: 0
  m_UsedByEffector: 0
  m_UsedByComposite: 0
  m_Offset: {x: 0, y: 0}
  m_SpriteTilingProperty:
    border: {x: 0, y: 0, z: 0, w: 0}
    pivot: {x: 0.5, y: 0.5}
    oldSize: {x: 52.4378, y: 34.95}
    newSize: {x: 53.329998, y: 38.61738}
    adaptiveTilingThreshold: 0.5
    drawMode: 0
    adaptiveTiling: 0
  m_AutoTiling: 0
  m_Points:
    m_Paths:
    - - {x: -26.412012, y: 17.551043}
      - {x: -26.328068, y: -17.4671}
      - {x: 26.495953, y: -17.215279}
      - {x: 26.160192, y: 17.38316}
--- !u!1 &1624997191686045524
GameObject:
  m_ObjectHideFlags: 0
  m_CorrespondingSourceObject: {fileID: 0}
  m_PrefabInstance: {fileID: 0}
  m_PrefabAsset: {fileID: 0}
  serializedVersion: 6
  m_Component:
  - component: {fileID: 1624997191686045525}
  - component: {fileID: 1624997191686045520}
  - component: {fileID: 1624997191686045522}
  - component: {fileID: 1624997191686045521}
  m_Layer: 0
  m_Name: Jerry
  m_TagString: Clue
  m_Icon: {fileID: 0}
  m_NavMeshLayer: 0
  m_StaticEditorFlags: 0
  m_IsActive: 1
--- !u!4 &1624997191686045525
Transform:
  m_ObjectHideFlags: 0
  m_CorrespondingSourceObject: {fileID: 0}
  m_PrefabInstance: {fileID: 0}
  m_PrefabAsset: {fileID: 0}
  m_GameObject: {fileID: 1624997191686045524}
  m_LocalRotation: {x: 0, y: 0, z: 0, w: 1}
  m_LocalPosition: {x: -17.674, y: -3.1681, z: 0}
  m_LocalScale: {x: 2.4803, y: 2.4803, z: 2.4803}
  m_Children: []
  m_Father: {fileID: 1624997191464913772}
  m_RootOrder: 0
  m_LocalEulerAnglesHint: {x: 0, y: 0, z: 0}
--- !u!61 &1624997191686045520
BoxCollider2D:
  m_ObjectHideFlags: 0
  m_CorrespondingSourceObject: {fileID: 0}
  m_PrefabInstance: {fileID: 0}
  m_PrefabAsset: {fileID: 0}
  m_GameObject: {fileID: 1624997191686045524}
  m_Enabled: 1
  m_Density: 1
  m_Material: {fileID: 0}
  m_IsTrigger: 0
  m_UsedByEffector: 0
  m_UsedByComposite: 0
  m_Offset: {x: -1.1656735, y: -0.10935491}
  m_SpriteTilingProperty:
    border: {x: 1.31, y: 1.1999999, z: 1.24, w: 1.23}
    pivot: {x: 0.5, y: 0.5}
    oldSize: {x: 5, y: 5}
    newSize: {x: 0.64, y: 0.64}
    adaptiveTilingThreshold: 0.5
    drawMode: 0
    adaptiveTiling: 0
  m_AutoTiling: 0
  serializedVersion: 2
  m_Size: {x: 2.0405593, y: 0.6695436}
  m_EdgeRadius: 0
--- !u!114 &1624997191686045522
MonoBehaviour:
  m_ObjectHideFlags: 0
  m_CorrespondingSourceObject: {fileID: 0}
  m_PrefabInstance: {fileID: 0}
  m_PrefabAsset: {fileID: 0}
  m_GameObject: {fileID: 1624997191686045524}
  m_Enabled: 1
  m_EditorHideFlags: 0
  m_Script: {fileID: 11500000, guid: aba7fc99f8894a4fb8deecd2dabe2ef7, type: 3}
  m_Name: 
  m_EditorClassIdentifier: 
--- !u!114 &1624997191686045521
MonoBehaviour:
  m_ObjectHideFlags: 0
  m_CorrespondingSourceObject: {fileID: 0}
  m_PrefabInstance: {fileID: 0}
  m_PrefabAsset: {fileID: 0}
  m_GameObject: {fileID: 1624997191686045524}
  m_Enabled: 1
  m_EditorHideFlags: 0
  m_Script: {fileID: 11500000, guid: 431a82a0b0ddeaa4385a36d1e2bb6adc, type: 3}
  m_Name: 
  m_EditorClassIdentifier: 
  setupsPerRound:
  - roundIndex: 2
    assignedClues:
    - {fileID: 11400000, guid: 4b9620b28b4acae4da99541915cc6d84, type: 2}
    - {fileID: 11400000, guid: 8c990563ea9eab24fafb067d42fe17bc, type: 2}
  placeName: jerry Room
  image: {fileID: 21300000, guid: eee472a99c8cff142a967305137bb641, type: 3}
  vcSuffix: circus
  roomMapPrefab: {fileID: 1624997191464913775, guid: 4c5e9f6c6648d6c46aa9d93de5c95221,
    type: 3}
--- !u!1 &3788305619574919603
GameObject:
  m_ObjectHideFlags: 0
  m_CorrespondingSourceObject: {fileID: 0}
  m_PrefabInstance: {fileID: 0}
  m_PrefabAsset: {fileID: 0}
  serializedVersion: 6
  m_Component:
  - component: {fileID: 454139644982655681}
  - component: {fileID: 8877641369495326102}
  - component: {fileID: 6762242427289660448}
  - component: {fileID: 380442534052728635}
  m_Layer: 0
  m_Name: Room305
  m_TagString: Clue
  m_Icon: {fileID: 0}
  m_NavMeshLayer: 0
  m_StaticEditorFlags: 0
  m_IsActive: 1
--- !u!4 &454139644982655681
Transform:
  m_ObjectHideFlags: 0
  m_CorrespondingSourceObject: {fileID: 0}
  m_PrefabInstance: {fileID: 0}
  m_PrefabAsset: {fileID: 0}
  m_GameObject: {fileID: 3788305619574919603}
  m_LocalRotation: {x: 0, y: 0, z: 0, w: 1}
  m_LocalPosition: {x: 22.02, y: 0.73, z: 0}
  m_LocalScale: {x: 1.5043, y: 2.6513288, z: 1.5043}
  m_Children: []
  m_Father: {fileID: 1624997191464913772}
  m_RootOrder: 2
  m_LocalEulerAnglesHint: {x: 0, y: 0, z: 0}
--- !u!61 &8877641369495326102
BoxCollider2D:
  m_ObjectHideFlags: 0
  m_CorrespondingSourceObject: {fileID: 0}
  m_PrefabInstance: {fileID: 0}
  m_PrefabAsset: {fileID: 0}
  m_GameObject: {fileID: 3788305619574919603}
  m_Enabled: 1
  m_Density: 1
  m_Material: {fileID: 0}
  m_IsTrigger: 0
  m_UsedByEffector: 0
  m_UsedByComposite: 0
  m_Offset: {x: -0.44264936, y: -0.10935491}
  m_SpriteTilingProperty:
    border: {x: 1.31, y: 1.1999999, z: 1.24, w: 1.23}
    pivot: {x: 0.5, y: 0.5}
    oldSize: {x: 5, y: 5}
    newSize: {x: 0.64, y: 0.64}
    adaptiveTilingThreshold: 0.5
    drawMode: 0
    adaptiveTiling: 0
  m_AutoTiling: 0
  serializedVersion: 2
  m_Size: {x: 3.4866076, y: 0.6695436}
  m_EdgeRadius: 0
--- !u!114 &6762242427289660448
MonoBehaviour:
  m_ObjectHideFlags: 0
  m_CorrespondingSourceObject: {fileID: 0}
  m_PrefabInstance: {fileID: 0}
  m_PrefabAsset: {fileID: 0}
  m_GameObject: {fileID: 3788305619574919603}
  m_Enabled: 1
  m_EditorHideFlags: 0
  m_Script: {fileID: 11500000, guid: aba7fc99f8894a4fb8deecd2dabe2ef7, type: 3}
  m_Name: 
  m_EditorClassIdentifier: 
--- !u!114 &380442534052728635
MonoBehaviour:
  m_ObjectHideFlags: 0
  m_CorrespondingSourceObject: {fileID: 0}
  m_PrefabInstance: {fileID: 0}
  m_PrefabAsset: {fileID: 0}
  m_GameObject: {fileID: 3788305619574919603}
  m_Enabled: 1
  m_EditorHideFlags: 0
  m_Script: {fileID: 11500000, guid: 431a82a0b0ddeaa4385a36d1e2bb6adc, type: 3}
  m_Name: 
  m_EditorClassIdentifier: 
  setupsPerRound:
  - roundIndex: 2
    assignedClues:
    - {fileID: 11400000, guid: d7e739cad9fb88842b79580502dc3430, type: 2}
    - {fileID: 11400000, guid: 8bfb778419084a941b56d869536425e2, type: 2}
    - {fileID: 11400000, guid: 7ba1f98ab2f28cf439a9f760dd8c75c8, type: 2}
  placeName: Room 305
  image: {fileID: 21300000, guid: 7d3ff09b238e48147b0c213607f5f54e, type: 3}
  vcSuffix: 
  roomMapPrefab: {fileID: 0}
--- !u!1 &4368248808457360064
GameObject:
  m_ObjectHideFlags: 0
  m_CorrespondingSourceObject: {fileID: 0}
  m_PrefabInstance: {fileID: 0}
  m_PrefabAsset: {fileID: 0}
  serializedVersion: 6
  m_Component:
  - component: {fileID: 2862805684332497436}
  - component: {fileID: 7374647968300389528}
  - component: {fileID: 6630940959526977373}
  - component: {fileID: 420280012806589255}
  m_Layer: 0
  m_Name: Room203
  m_TagString: Clue
  m_Icon: {fileID: 0}
  m_NavMeshLayer: 0
  m_StaticEditorFlags: 0
  m_IsActive: 1
--- !u!4 &2862805684332497436
Transform:
  m_ObjectHideFlags: 0
  m_CorrespondingSourceObject: {fileID: 0}
  m_PrefabInstance: {fileID: 0}
  m_PrefabAsset: {fileID: 0}
  m_GameObject: {fileID: 4368248808457360064}
  m_LocalRotation: {x: 0, y: 0, z: 0, w: 1}
  m_LocalPosition: {x: -13.16, y: -6.16, z: 0}
  m_LocalScale: {x: 1.5043, y: 2.6513288, z: 1.5043}
  m_Children: []
  m_Father: {fileID: 1624997191464913772}
  m_RootOrder: 3
  m_LocalEulerAnglesHint: {x: 0, y: 0, z: 0}
--- !u!61 &7374647968300389528
BoxCollider2D:
  m_ObjectHideFlags: 0
  m_CorrespondingSourceObject: {fileID: 0}
  m_PrefabInstance: {fileID: 0}
  m_PrefabAsset: {fileID: 0}
  m_GameObject: {fileID: 4368248808457360064}
  m_Enabled: 1
  m_Density: 1
  m_Material: {fileID: 0}
  m_IsTrigger: 0
  m_UsedByEffector: 0
  m_UsedByComposite: 0
  m_Offset: {x: -0.44264936, y: -0.10935491}
  m_SpriteTilingProperty:
    border: {x: 1.31, y: 1.1999999, z: 1.24, w: 1.23}
    pivot: {x: 0.5, y: 0.5}
    oldSize: {x: 5, y: 5}
    newSize: {x: 0.64, y: 0.64}
    adaptiveTilingThreshold: 0.5
    drawMode: 0
    adaptiveTiling: 0
  m_AutoTiling: 0
  serializedVersion: 2
  m_Size: {x: 3.4866076, y: 0.6695436}
  m_EdgeRadius: 0
--- !u!114 &6630940959526977373
MonoBehaviour:
  m_ObjectHideFlags: 0
  m_CorrespondingSourceObject: {fileID: 0}
  m_PrefabInstance: {fileID: 0}
  m_PrefabAsset: {fileID: 0}
  m_GameObject: {fileID: 4368248808457360064}
  m_Enabled: 1
  m_EditorHideFlags: 0
  m_Script: {fileID: 11500000, guid: aba7fc99f8894a4fb8deecd2dabe2ef7, type: 3}
  m_Name: 
  m_EditorClassIdentifier: 
--- !u!114 &420280012806589255
MonoBehaviour:
  m_ObjectHideFlags: 0
  m_CorrespondingSourceObject: {fileID: 0}
  m_PrefabInstance: {fileID: 0}
  m_PrefabAsset: {fileID: 0}
  m_GameObject: {fileID: 4368248808457360064}
  m_Enabled: 1
  m_EditorHideFlags: 0
  m_Script: {fileID: 11500000, guid: 431a82a0b0ddeaa4385a36d1e2bb6adc, type: 3}
  m_Name: 
  m_EditorClassIdentifier: 
  setupsPerRound:
  - roundIndex: 2
    assignedClues:
    - {fileID: 11400000, guid: 73b27ff884ae21f47815cc150670040e, type: 2}
    - {fileID: 11400000, guid: a8110ff7e1519b341bafd8203c2a5457, type: 2}
  placeName: Room 203
  image: {fileID: 21300000, guid: 7d3ff09b238e48147b0c213607f5f54e, type: 3}
  vcSuffix: 
  roomMapPrefab: {fileID: 0}
--- !u!1 &4742662944012952773
GameObject:
  m_ObjectHideFlags: 0
  m_CorrespondingSourceObject: {fileID: 0}
  m_PrefabInstance: {fileID: 0}
  m_PrefabAsset: {fileID: 0}
  serializedVersion: 6
  m_Component:
  - component: {fileID: 4222614937731272050}
  - component: {fileID: 1240613254562656001}
  - component: {fileID: 7086623635461046018}
  - component: {fileID: 5569095417254443337}
  m_Layer: 0
  m_Name: Room201
  m_TagString: Clue
  m_Icon: {fileID: 0}
  m_NavMeshLayer: 0
  m_StaticEditorFlags: 0
  m_IsActive: 1
--- !u!4 &4222614937731272050
Transform:
  m_ObjectHideFlags: 0
  m_CorrespondingSourceObject: {fileID: 0}
  m_PrefabInstance: {fileID: 0}
  m_PrefabAsset: {fileID: 0}
  m_GameObject: {fileID: 4742662944012952773}
  m_LocalRotation: {x: 0, y: 0, z: 0, w: 1}
  m_LocalPosition: {x: -19.74, y: -11.38, z: 0}
  m_LocalScale: {x: 1.5043, y: 2.6513288, z: 1.5043}
  m_Children: []
  m_Father: {fileID: 1624997191464913772}
  m_RootOrder: 4
  m_LocalEulerAnglesHint: {x: 0, y: 0, z: 0}
--- !u!61 &1240613254562656001
BoxCollider2D:
  m_ObjectHideFlags: 0
  m_CorrespondingSourceObject: {fileID: 0}
  m_PrefabInstance: {fileID: 0}
  m_PrefabAsset: {fileID: 0}
  m_GameObject: {fileID: 4742662944012952773}
  m_Enabled: 1
  m_Density: 1
  m_Material: {fileID: 0}
  m_IsTrigger: 0
  m_UsedByEffector: 0
  m_UsedByComposite: 0
  m_Offset: {x: -0.44264936, y: -0.10935491}
  m_SpriteTilingProperty:
    border: {x: 1.31, y: 1.1999999, z: 1.24, w: 1.23}
    pivot: {x: 0.5, y: 0.5}
    oldSize: {x: 5, y: 5}
    newSize: {x: 0.64, y: 0.64}
    adaptiveTilingThreshold: 0.5
    drawMode: 0
    adaptiveTiling: 0
  m_AutoTiling: 0
  serializedVersion: 2
  m_Size: {x: 3.4866076, y: 0.6695436}
  m_EdgeRadius: 0
--- !u!114 &7086623635461046018
MonoBehaviour:
  m_ObjectHideFlags: 0
  m_CorrespondingSourceObject: {fileID: 0}
  m_PrefabInstance: {fileID: 0}
  m_PrefabAsset: {fileID: 0}
  m_GameObject: {fileID: 4742662944012952773}
  m_Enabled: 1
  m_EditorHideFlags: 0
  m_Script: {fileID: 11500000, guid: aba7fc99f8894a4fb8deecd2dabe2ef7, type: 3}
  m_Name: 
  m_EditorClassIdentifier: 
--- !u!114 &5569095417254443337
MonoBehaviour:
  m_ObjectHideFlags: 0
  m_CorrespondingSourceObject: {fileID: 0}
  m_PrefabInstance: {fileID: 0}
  m_PrefabAsset: {fileID: 0}
  m_GameObject: {fileID: 4742662944012952773}
  m_Enabled: 1
  m_EditorHideFlags: 0
  m_Script: {fileID: 11500000, guid: 431a82a0b0ddeaa4385a36d1e2bb6adc, type: 3}
  m_Name: 
  m_EditorClassIdentifier: 
  setupsPerRound:
  - roundIndex: 2
    assignedClues:
    - {fileID: 11400000, guid: 0a7a79175a1916649bbb68a6f994ed10, type: 2}
    - {fileID: 11400000, guid: ea490d9d6c556c245ab372cd1b439a13, type: 2}
    - {fileID: 11400000, guid: 0ffc987c911b6de408fa568c252fb52b, type: 2}
  placeName: Room 201
  image: {fileID: 21300000, guid: 7d3ff09b238e48147b0c213607f5f54e, type: 3}
  vcSuffix: 
  roomMapPrefab: {fileID: 0}
--- !u!1 &6359599502985391025
GameObject:
  m_ObjectHideFlags: 0
  m_CorrespondingSourceObject: {fileID: 0}
  m_PrefabInstance: {fileID: 0}
  m_PrefabAsset: {fileID: 0}
  serializedVersion: 6
  m_Component:
  - component: {fileID: 8020939349206065268}
  - component: {fileID: 3766737220699699921}
  - component: {fileID: 9042409903783066365}
  - component: {fileID: 1272717159281255381}
  m_Layer: 0
  m_Name: Room304
  m_TagString: Clue
  m_Icon: {fileID: 0}
  m_NavMeshLayer: 0
  m_StaticEditorFlags: 0
  m_IsActive: 1
--- !u!4 &8020939349206065268
Transform:
  m_ObjectHideFlags: 0
  m_CorrespondingSourceObject: {fileID: 0}
  m_PrefabInstance: {fileID: 0}
  m_PrefabAsset: {fileID: 0}
  m_GameObject: {fileID: 6359599502985391025}
  m_LocalRotation: {x: 0, y: 0, z: 0, w: 1}
  m_LocalPosition: {x: 11.81, y: 5.8005, z: 0}
  m_LocalScale: {x: 1.5043, y: 2.6513288, z: 1.5043}
  m_Children: []
  m_Father: {fileID: 1624997191464913772}
  m_RootOrder: 1
  m_LocalEulerAnglesHint: {x: 0, y: 0, z: 0}
--- !u!61 &3766737220699699921
BoxCollider2D:
  m_ObjectHideFlags: 0
  m_CorrespondingSourceObject: {fileID: 0}
  m_PrefabInstance: {fileID: 0}
  m_PrefabAsset: {fileID: 0}
  m_GameObject: {fileID: 6359599502985391025}
  m_Enabled: 1
  m_Density: 1
  m_Material: {fileID: 0}
  m_IsTrigger: 0
  m_UsedByEffector: 0
  m_UsedByComposite: 0
  m_Offset: {x: -0.44264936, y: -0.10935491}
  m_SpriteTilingProperty:
    border: {x: 1.31, y: 1.1999999, z: 1.24, w: 1.23}
    pivot: {x: 0.5, y: 0.5}
    oldSize: {x: 5, y: 5}
    newSize: {x: 0.64, y: 0.64}
    adaptiveTilingThreshold: 0.5
    drawMode: 0
    adaptiveTiling: 0
  m_AutoTiling: 0
  serializedVersion: 2
  m_Size: {x: 3.4866076, y: 0.6695436}
  m_EdgeRadius: 0
--- !u!114 &9042409903783066365
MonoBehaviour:
  m_ObjectHideFlags: 0
  m_CorrespondingSourceObject: {fileID: 0}
  m_PrefabInstance: {fileID: 0}
  m_PrefabAsset: {fileID: 0}
  m_GameObject: {fileID: 6359599502985391025}
  m_Enabled: 1
  m_EditorHideFlags: 0
  m_Script: {fileID: 11500000, guid: aba7fc99f8894a4fb8deecd2dabe2ef7, type: 3}
  m_Name: 
  m_EditorClassIdentifier: 
--- !u!114 &1272717159281255381
MonoBehaviour:
  m_ObjectHideFlags: 0
  m_CorrespondingSourceObject: {fileID: 0}
  m_PrefabInstance: {fileID: 0}
  m_PrefabAsset: {fileID: 0}
  m_GameObject: {fileID: 6359599502985391025}
  m_Enabled: 1
  m_EditorHideFlags: 0
  m_Script: {fileID: 11500000, guid: 431a82a0b0ddeaa4385a36d1e2bb6adc, type: 3}
  m_Name: 
  m_EditorClassIdentifier: 
  setupsPerRound:
  - roundIndex: 2
    assignedClues:
    - {fileID: 11400000, guid: e857181b7b9cd2445b84e339a47516c5, type: 2}
    - {fileID: 11400000, guid: 197964ff1b1ae014d96e613388bd2976, type: 2}
    - {fileID: 11400000, guid: 7cf29a359299feb46be39fe97b3f83fc, type: 2}
  placeName: Room 304
  image: {fileID: 21300000, guid: 7d3ff09b238e48147b0c213607f5f54e, type: 3}
  vcSuffix: 
  roomMapPrefab: {fileID: 0}
